[Event "Late-Titled-Tuesday-Blitz-October-03-2023"]
[Site "Chess.com"]
[Date "2023.10.03"]
[Round "2"]
[White "ThePeasant98"]
[Black "WindWhistler11"]
[Result "0-1"]
[WhiteElo "2181"]
[BlackElo "2452"]
[TimeControl "180+1"]
[EndTime "14:16:40 PDT"]
[Termination "WindWhistler11 won by resignation"]

1. d4 Nf6 2. c4 e6 3. Nf3 c5 4.
Nc3 cxd4 5. Nxd4 a6 6. e4 Qc7 7. Bd3 Nc6 8. Nxc6 dxc6 9. O-O e5 10. h3 Be7 11. Be3 Be6 12. c5 a5 13. Na4 Rd8 14.
Qc2 Nh5 15. Rfd1 O-O 16. Nb6 Nf4 17. Bf1 f5 18. exf5 Bxf5 19. Qc3 Nd5 20. Bc4 Be6 21.
Qxa5 Kh8 22. Bxd5 cxd5 23. b4 d4 24. Bd2 e4 25. Rac1 Qe5 26. Qa3 Bh4 27. g3 e3 28.
Bxe3 dxe3 29. Qxe3 Rxd1+ 30. Rxd1 Qxe3 31. fxe3 Bxg3 32.
Kg2 Bh4 33. Rd6 Rf2+ 34. Kg1 Bxh3 35. c6 bxc6 36. Rxc6 Bg3 37. Rc1 Rg2+ 38. Kf1 Rc2+ 0-1

[Event "Late-Titled-Tuesday-Blitz-October-03-2023"]
[Site "Chess.com"]
[Date "2023.10.03"]
[Round "2"]
[White "Xqswdc"]
[Black "akretchetov"]
[Result "0-1"]
[WhiteElo "2321"]
[BlackElo "2517"]
[TimeControl "180+1"]
[EndTime "14:16:41 PDT"]
[Termination "akretchetov won on time"]

1. e4 c6 2. d4 d5 3. f3 Qb6 4. Nc3 e6 5. Bd3 Qxd4 6. Qe2 Nf6 7. Be3 Qb4 8. O-O-O d4 9. a3 Qb6 10. Bf2 c5 11. Na2 Nc6 12. g4 Be7 13. g5 Nd7 14. h4 Nde5 15. f4 Nxd3+ 16. Qxd3 e5 17. f5 Bd7 18. Nf3 O-O-O 19. Kb1 Kb8 20. Ka1 Bd6 21. Nc1 Na5 22. Nd2 Bb5 23. c4 Bd7 24. Qc2 Nc6 25. Nd3 a5 26. Be1 g6 27. f6 h6 28.
Bg3 hxg5 29. hxg5 Bg4 30. Rb1 Qc7 31. Qa4 Be2 32. Qb3 Qc8 33. Rbe1 Bxd3 34. Qxd3 Rxh1 35. Rxh1 Rh8 36. Rxh8 Qxh8 37. Ka2 Qh5 38. Nf3 Qg4 39. Be1 b6 40. Qb3 Kb7 41. Bd2 Qxe4 42. Ne1 Qe2 43. Qh3 Qxd2 44. Qd7+ Bc7 45. Nf3 Qd3 46. Qxf7 Qxf3 47.
Qxg6 Nd8 48. Qe8 Qf5 0-1

[Event "Late-Titled-Tuesday-Blitz-October-03-2023"]
[Site "Chess.com"]
[Date "2023.10.03"]
[Round "2"]
[White "KorolDimitriy75"]
[Black "frederiksvane"]
[Result "0-1"]
[WhiteElo "2375"]
[BlackElo "2915"]
[TimeControl "180+1"]
[EndTime "14:16:42 PDT"]
[Termination "frederiksvane won on time"]

1. d4 e6 2. c4 Bb4+ 3. Bd2 a5 4. Nc3 Nf6 5. e3 O-O 6. Bd3 d5 7. Qc2 dxc4 8. Bxc4 b6 9. Nge2 Bb7 10. O-O Nbd7 11. Rad1 Qe7 12. a3 Bd6 13. Ng3 c5 14. Nb5 Bb8 15. Bc3 Rc8 16. Qe2 cxd4 17. Bxd4 a4 18. f3 h5 19. Rfe1 h4 20. Nf1 h3 21. g3 Ne5 22. Bxe5 Bxe5 23. Bd3 Rc5 24. f4 Bc7 25. Nd2 Rd8 26. Nc3 e5 27. Nde4 Nxe4 28. Bxe4 Bxe4 29. Nxe4 Rcd5 30. Nc3 Rxd1 31. Rxd1 Rxd1+ 32. Qxd1 exf4 33. Nd5 Qc5 34. gxf4 Bxf4 35. Nxf4 Qxe3+ 36. Kh1 Qe4+ 37. Kg1 Qe3+ 38. Kh1 Qxf4 39. Qd8+ Kh7 0-1

[Event "Late-Titled-Tuesday-Blitz-October-03-2023"]
[Site "Chess.com"]
[Date "2023.10.03"]
[Round "2"]
[White "jjbolanos"]
[Black "Schwindle"]
[Result "0-1"]
[WhiteElo "2099"]
[BlackElo "2413"]
[TimeControl "180+1"]
[EndTime "14:16:42 PDT"]
[Termination "Schwindle won by resignation"]

1. e4 e6 2. d4 d5 3. Bd3 c5 4. exd5 Qxd5 5. Nc3 Qxd4 6. Nb5 Qd8 7. Bf4 Na6 8. Qe2 Nf6 9. O-O-O Qa5 10. Bc4 Bd7 11. Nf3 Be7 12. Nd6+ Bxd6 13. Bxd6 b5 14. Bd3 Qxa2 15.
Rhe1 Qa1+ 16. Kd2 Qa5+ 17. c3 Qb6 18. Qe5 O-O-O 19. Ke2 Bc6 20. Bc2 Nd5 21. Rxd5 exd5 22. Be7 Rde8 23. Kf1 Nc7 24. Bf5+ Kb7 25. Qxg7 Rhg8 26. Qxf7 d4 27. cxd4 Bd5 28. Qxh7 cxd4 29.
Be4 Qc6 30. Bxd5 Qxd5 31. Re6 Qxe6 0-1

[Event "Late-Titled-Tuesday-Blitz-October-03-2023"]
[Site "Chess.com"]
[Date "2023.10.03"]
[Round "2"]
[White "FM_Kappeler"]
[Black "TanitoluwaAps116"]
[Result "0-1"]
[WhiteElo "2350"]
[BlackElo "2671"]
[TimeControl "180+1"]
[EndTime "14:16:43 PDT"]
[Termination "TanitoluwaAps116 won by checkmate"]

1. d4 Nf6 2. c4 e6 3. g3 d5 4. Bg2 Bb4+ 5. Bd2 Bd6 6. Nf3 O-O 7. O-O Nbd7 8. Qc2 c6 9. Rd1 Qe7 10. b3 Ne4 11. Be1 f5 12. Nbd2 Rb8 13. e3 Ndf6 14.
Ne5 Bxe5 15. dxe5 Ng4 16. Nf3 Bd7 17. h3 Nh6 18. b4 g5 19. b5 g4 20. hxg4 Nxg4 21.
Rab1 Qg7 22. bxc6 bxc6 23. Rxb8 Rxb8 24. Rb1 Rb6 25. c5 Nxc5 26. Rxb6 axb6 27. a4 Nxe5 28. a5 Nxf3+ 29. Bxf3 Qa1 30. Kf1 Bc8 31. axb6 Ba6+ 32. Kg2 Qxe1 33. Qxc5 Bf1+ 34. Kg1 Be2+ 35. Kg2 Qf1+ 36.
Kh2 Bxf3 37. b7 Qh1# 0-1

[Event "Late-Titled-Tuesday-Blitz-October-03-2023"]
[Site "Chess.com"]
[Date "2023.10.03"]
[Round "2"]
[White "BigAl"]
[Black "acertijo08"]
[Result "1-0"]
[WhiteElo "2548"]
[BlackElo "2337"]
[TimeControl "180+1"]
[EndTime "14:16:44 PDT"]
[Termination "BigAl won by resignation"]

1. Nf3 Nf6 2. g3 e6 3. Bg2 d5 4.
O-O c5 5. d3 Nc6 6. Nbd2 Be7 7.
e4 Qc7 8. Re1 b6 9. exd5 exd5 10. d4 O-O 11. c3 h6 12. Nb3 a5 13. Bf4 Bd6 14. Bxd6 Qxd6 15. dxc5 bxc5 16. Nfd2 a4 17.
Nc1 a3 18. b3 Bf5 19. Nc4 Qd8 20. Ne3 Be4 21. Nd3 Bxg2 22. Kxg2 d4 23. cxd4 cxd4 24. Nc4 Re8 25. Qf3 Qd5 26. Nb6 Qxf3+ 27. Kxf3 Rab8 28. Nc4 Nd5 29. Nxa3 Ncb4 30. Nxb4 Nxb4 31. Red1 d3 32. Nc4 Red8 33. Rd2 Nc2 34. Rad1 Ra8 35. Rxd3 Rxd3+ 36. Rxd3 Rxa2 37. Rd8+ Kh7 38. Rd7 f5 39. Rd2 Ne1+ 40. Kf4 Ra1 41. Kxf5 Nf3 42. Rd7 Nxh2 43. Ne3 Rb1 44. Rb7 Nf1 45. Ng4 Nd2 46. Nf6+ 1-0

[Event "Late-Titled-Tuesday-Blitz-October-03-2023"]
[Site "Chess.com"]
[Date "2023.10.03"]
[Round "2"]
[White "Leebit02"]
[Black "CarrotsandPizza"]
[Result "1-0"]
[WhiteElo "2500"]
[BlackElo "2289"]
[TimeControl "180+1"]
[EndTime "14:16:46 PDT"]
[Termination "Leebit02 won by checkmate"]

1. e4 c5 2. Nf3 Qb6 3. Nc3 Nc6 4. Be2 e6 5. O-O a6 6. b3 d6 7. Bb2 Nf6 8. Re1 Be7 9. Bf1 O-O 10. a4 Bd7 11. d3 Rfd8 12. Qd2 Rac8 13. Ne2 h6 14. a5 Qc7 15. Ng3 Be8 16. c3 Nxa5 17. Qc2 Nc6 18. Rad1 Qb6 19. Ba1 Na5 20. Rb1 Nc6 21. Qd2 Kh8 22.
d4 cxd4 23. cxd4 Nb4 24. Bc3 a5 25. Rec1 d5 26. e5 Ne4 27. Nxe4 dxe4 28. Ne1 Bc6 29. Bc4 Bd5 30. Qe2 Bg5 31. Rd1 Qc6 32. Bxb4 axb4 33. Bb5 Qb6 34. g3 Rc3 35. h4 Be7 36. Ng2 Bxb3 37. Rdc1 Rdc8 38. Rxc3 Rxc3 39. Ne3 Qxd4 40.
Be8 Kg8 41. Qh5 g6 42. Qxh6 Qxe5 43. Ng4 Qg7 44. Qf4 Rc8 45. Bxf7+ Qxf7 46. Nh6+ Kg7 47. Qxf7+ Kxh6 48. Qxe7 Bd5 49. Qg5+ Kg7 50. Rxb4 Rc7 51. Qe5+ Kf7 52. Qxc7+ Kf6 53. Qf4+ Ke7 54. Rb6 Kd7 55.
Qe5 Ke8 56. Rxe6+ Bxe6 57. Qxe6+ Kd8 58. Qxe4 Kc7 59. Qxg6 b5 60. h5 b4 61. h6 b3 62.
h7 b2 63. h8=Q b1=Q+ 64. Qxb1 Kc6 65. Qf5 Kb7 66. Qh6 Ka8 67. Qf7 Kb8 68. Qhf8# 1-0

[Event "Late-Titled-Tuesday-Blitz-October-03-2023"]
[Site "Chess.com"]
[Date "2023.10.03"]
[Round "2"]
[White "Msb2"]
[Black "biostatistician"]
[Result "1-0"]
[WhiteElo "3068"]
[BlackElo "2618"]
[TimeControl "180+1"]
[EndTime "14:16:47 PDT"]
[Termination "Msb2 won on time"]

1. d4 Nf6 2. c4 g6 3. Nc3 Bg7 4. e4 d6 5. Nf3 O-O 6. Be2 e5 7.
Be3 Nbd7 8. O-O Ng4 9. Bg5 f6 10. Bd2 c6 11. Qc2 f5 12. dxe5 dxe5 13. exf5 gxf5 14.
h3 Nh6 15. Bg5 Qe8 16. Rad1 Nf6 17. Qc1 Nf7 18. c5 Nxg5 19. Nxg5 Qg6 20. Bc4+ Kh8 21. Nf3 Nh5 22. Rd6 Qe8 23. Re1 e4 24. Ng5 Be5 25.
Bf7 Rxf7 26. Rd8 Be6 27. Rxe8+ Rxe8 28. Nxf7+ Bxf7 29. Qg5 Bg6 30. Rd1 Bf6 31. Qd2 Re7 32. Qd8+ Kg7 33. Rd7 Kf7 34. Rxe7+ Bxe7 35. Qd7 Nf4 36.
Qxb7 Nd3 37. Qxc6 Bxc5 38. Qd5+ Kg7 39. Nd1 f4 40. Kf1 e3 41. fxe3 fxe3 42. Nc3 Bb6 43. Ne2 1-0

[Event "Late-Titled-Tuesday-Blitz-October-03-2023"]
[Site "Chess.com"]
[Date "2023.10.03"]
[Round "2"]
[White "jimis98"]
[Black "traack"]
[Result "1-0"]
[WhiteElo "2698"]
[BlackElo "2422"]
[TimeControl "180+1"]
[EndTime "14:16:48 PDT"]
[Termination "jimis98 won by checkmate"]

1. d4 Nf6 2. Nc3 d5 3. Bf4 c5 4. e4 dxe4 5. d5 g6 6. Nge2 Bg7 7. Ng3 Qa5 8. Bc4 a6 9. a4 Qb4 10. Be2 Qxb2 11. Bd2 e3 12. fxe3 Nfd7 13. Rb1 Bxc3 14. Rxb2 Bxb2 15. O-O O-O 16. c4 Be5 17. Qb3 a5 18. Bc3 Na6 19. Bxa5 b6 20. Bc3 Bxc3 21.
Qxc3 Nb4 22. Ra1 Nf6 23. e4 Bd7 24. e5 Ne8 25. h4 Nc7 26. h5 Ra7 27. h6 e6 28. d6 Nca6 29. Ne4 Nb8 30. Nf6+ Kh8 31. Qf3 Bc6 32. Qf4 Nd7 33. Nxd7 f5 34. Nxf8 Nc2 35. Qg5 Rf7 36. Nxe6 Nd4 37. Qd8+ Be8 38. Qxe8+ Rf8 39. Qxf8# 1-0

[Event "Late-Titled-Tuesday-Blitz-October-03-2023"]
[Site "Chess.com"]
[Date "2023.10.03"]
[Round "2"]
[White "HanSchut"]
[Black "ArmanGhevondyanchess"]
[Result "0-1"]
[WhiteElo "2325"]
[BlackElo "2559"]
[TimeControl "180+1"]
[EndTime "14:16:48 PDT"]
[Termination "ArmanGhevondyanchess won on time"]

1. e4 c5 2. Nf3 Nc6 3. d4 cxd4 4.
Nxd4 g6 5. c4 Bg7 6. Be3 Nf6 7.
Nc3 Ng4 8. Qxg4 Nxd4 9. Qd1 Ne6 10. Qd2 Qa5 11. Rc1 b6 12. f3 Bb7 13. Be2 g5 14. b3 h5 15. Nd5 Qxd2+ 16. Kxd2 d6 17. h4 gxh4 18. Rxh4 Rc8 19. Rch1 Bxd5 20. exd5 Nc5 21.
Rxh5 Rxh5 22. Rxh5 Kd7 23. Rh7 Rg8 24. g4 Na6 25.
Bd3 Nc7 26. Bh6 Bxh6+ 27. Rxh6 Ne8 28. Bf5+ Kd8 29. Rh7 Rf8 30. g5 Nc7 31. f4 Na6 32. a3 Nc7 33. Ke3 Ne8 34. Be4 Nc7 35. f5 Ne8 36. g6 Nf6 37. Rxf7 Rg8 38. Bf3 Ke8 39.
b4 Rh8 40. c5 bxc5 41. bxc5 Nd7 42. c6 Ne5 43. Rh7 Rg8 44. Bh5 Kd8 45. g7 Kc7 46. Kf4 Kb6 47. f6 exf6 48. Kf5 Kc5 49. Kxf6 Rb8 50. Bf7 Rb2 51. g8=Q Rf2+ 52. Ke7 Re2 53.
Kd8 Rb2 0-1

[Event "Late-Titled-Tuesday-Blitz-October-03-2023"]
[Site "Chess.com"]
[Date "2023.10.03"]
[Round "2"]
[White "Vaathi_Coming"]
[Black "Joshukid"]
[Result "1-0"]
[WhiteElo "2887"]
[BlackElo "2553"]
[TimeControl "180+1"]
[EndTime "14:16:49 PDT"]
[Termination "Vaathi_Coming won by resignation"]

1. g3 d5 2. Nf3 Nf6 3. Bg2 Bg4 4. O-O e6 5. d4 Nbd7 6. c4 c6 7. Qb3 Qb6 8. Nc3 Bxf3 9. Bxf3 Qxd4 10. Qxb7 Rb8 11.
Qxc6 Qxc4 12. Qxc4 dxc4 13. Bc6 Bc5 14. Bf4 Rb6 15.
Bb5 O-O 16. Rad1 Nb8 17. Bxc4 Rxb2 18. Na4 Rb4 19. Bb3 Bb6 20. Bd6 Rxb3 21. Bxf8 Rb5 22. Nxb6 Rxb6 23. Rd8 Nc6 24. Rc8 Rb8 25. Rxb8 Nxb8 26. Bc5 a6 27. Bd4 Kf8 28. Rc1 Nbd7 29. Bxf6 gxf6 30. Rc6 a5 31. Ra6 Ne5 32. Rxa5 Nc4 33. Ra6 Ke7 34. Ra7+ Ke8 35. a4 Na3 36. a5 Nb5 37. Rb7 Nd6 38. a6 1-0

[Event "Late-Titled-Tuesday-Blitz-October-03-2023"]
[Site "Chess.com"]
[Date "2023.10.03"]
[Round "2"]
[White "SergioMoralesG"]
[Black "talaicito"]
[Result "1-0"]
[WhiteElo "2445"]
[BlackElo "2173"]
[TimeControl "180+1"]
[EndTime "14:16:50 PDT"]
[Termination "SergioMoralesG won on time"]

1. d4 e6 2. c4 f5 3. Nf3 Nf6 4. g3 Be7 5. Bg2 O-O 6. O-O d6 7. Nc3 a5 8. Re1 Ne4 9. Qc2 Nxc3 10. Qxc3 Bf6 11. e4 c5 12. exf5 exf5 13. Qd3 Nc6 14.
Be3 f4 15. Bxf4 Nxd4 16. Nxd4 Bxd4 17. Be3 Qf6 18. Bxd4 cxd4 19. f4 Bf5 20. Be4 Bg4 21. Bxh7+ Kh8 22. Qg6 d3 23. Qxf6 gxf6 24. Bxd3 a4 25.
Kg2 a3 26. b3 Rfe8 27. h3 Bd7 28. g4 Kg7 29. Kf2 Kf7 30. Rxe8 Rxe8 31. Re1 Rh8 32.
Kg3 Bc6 33. Be4 Re8 34. Bd5+ Bxd5 35. Rxe8 Bxc4 36. Rb8 Bd5 37. Ra8 1-0

[Event "Late-Titled-Tuesday-Blitz-October-03-2023"]
[Site "Chess.com"]
[Date "2023.10.03"]
[Round "2"]
[White "Veiso"]
[Black "dedpihto_v_kozhanom_palto"]
[Result "0-1"]
[WhiteElo "2366"]
[BlackElo "2696"]
[TimeControl "180+1"]
[EndTime "14:16:51 PDT"]
[Termination "dedpihto_v_kozhanom_palto won by resignation"]

1. e4 g6 2. d4 Bg7 3. Nc3 d6 4. Be3 Nc6 5. Qd2 e5 6. Nge2 f5 7. f3 Nf6 8. d5 Ne7 9. Bh6 O-O 10. O-O-O b5 11. Bxg7 Kxg7 12. exf5 Nxf5 13. Ne4 a5 14.
N2g3 b4 15. Nxf6 Qxf6 16. Ne4 Qe7 17. h4 h6 18. Bd3 Bd7 19. Kb1 Rab8 20. h5 g5 21. Nf2 a4 22. Ng4 b3 23. cxb3 axb3 24. a3 Nd4 25. Ne3 Qf6 26. Be4 Rf7 27. Rc1 Bf5 28. Qd3 Bxe4 29. Qxe4 Kh8 30. Rc4 Qg7 31.
Rhc1 Re8 32. Rxd4 Rf4 33. Qg6 Qxg6+ 34. hxg6 exd4 35. Ng4 Re7 36. Nxh6 d3 37. Nf7+ Kg7 38. Nxg5 d2 39. Ne6+ Rxe6 0-1

[Event "Late-Titled-Tuesday-Blitz-October-03-2023"]
[Site "Chess.com"]
[Date "2023.10.03"]
[Round "2"]
[White "StarkyNZ"]
[Black "Biregina"]
[Result "1-0"]
[WhiteElo "2311"]
[BlackElo "2486"]
[TimeControl "180+1"]
[EndTime "14:16:51 PDT"]
[Termination "StarkyNZ won by resignation"]

1. c4 g6 2. g3 Bg7 3. Bg2 f5 4.
h4 Nf6 5. Nh3 O-O 6. Nf4 c6 7.
d4 d6 8. d5 Re8 9. Nc3 e5 10.
dxe6 Bxe6 11. Nxe6 Rxe6 12. O-O Nbd7 13. Bf4 Ne5 14.
b3 Nfg4 15. Rc1 Kh8 16. Qd2 Qc7 17. Rfd1 Rae8 18. Nd5 Qd7 19. Nc3 Qe7 20. Bg5 Bf6 21. Nd5 cxd5 22. cxd5 Bxg5 23. hxg5 Nc4 24. Qd4+ Re5 25.
bxc4 Qg7 26. e3 b6 27. a4 Kg8 28. a5 Qe7 29. axb6 axb6 30. Qf4 Rc8 31. Rd3 Rf8 32.
Ra3 h6 33. gxh6 g5 34. Qf3 Qh7 35. Bh3 Qxh6 36. Bxg4 fxg4 37. Qxg4 Ref5 38. Rc2 R5f7 39. Ra6 Rh7 40. Qe6+ Qxe6 41. dxe6 Rb8 42. Rd2 Rc7 43.
Rxd6 Rxc4 44. Rd7 Rc1+ 45. Kg2 Rc2 46. e7 Rcc8 47. Rxb6 Rxb6 48. Rd8+ Kf7 49. e8=Q+ 1-0

[Event "Late-Titled-Tuesday-Blitz-October-03-2023"]
[Site "Chess.com"]
[Date "2023.10.03"]
[Round "2"]
[White "GMBenjaminBok"]
[Black "RichardLeyvaP"]
[Result "1-0"]
[WhiteElo "2981"]
[BlackElo "2589"]
[TimeControl "180+1"]
[EndTime "14:16:52 PDT"]
[Termination "GMBenjaminBok won on time"]

1. d4 Nf6 2. c4 g6 3. g3 Bg7 4.
Bg2 O-O 5. Nc3 d6 6. Nf3 c6 7. e4 Qa5 8. O-O e5 9. h3 exd4 10. Nxd4 Qc5 11. Bf4 Qxc4 12. Rc1 Qb4 13. a3 Qxb2 14.
Bxd6 Rd8 15. Na4 Qxc1 16. Qxc1 Rxd6 17. Nb5 Rd7 18. Nc5 cxb5 19. Nxd7 Nbxd7 20. Rd1 Ne8 21. Kh2 Bf6 22. e5 Be7 23. Bxb7 Bxb7 24. Rxd7 Bf3 25.
Rxe7 Ng7 26. Qf4 Bd5 27. Rd7 Be6 28. Rd2 h5 29. Qf6 a5 30. Rd8+ Rxd8 31. Qxd8+ Kh7 32. Qxa5 Bc4 33. Qb4 Be2 34. Qe4 Bf1 35. Kg1 Bc4 36.
a4 Ne6 37. a5 Kg7 38. a6 Nc5 39. Qc6 1-0

[Event "Late-Titled-Tuesday-Blitz-October-03-2023"]
[Site "Chess.com"]
[Date "2023.10.03"]
[Round "2"]
[White "Kirill_Klukin"]
[Black "falzehope0"]
[Result "1-0"]
[WhiteElo "2687"]
[BlackElo "2367"]
[TimeControl "180+1"]
[EndTime "14:16:52 PDT"]
[Termination "Kirill_Klukin won by checkmate"]

1. e4 d5 2. exd5 Nf6 3. d4 Qxd5 4. Nc3 Qa5 5. Nf3 Bg4 6. h3 Bh5 7. Bc4 Nc6 8. Bd2 Qb4 9. Bb5 O-O-O 10. Bxc6 bxc6 11.
Qe2 Qxb2 12. Rb1 Qa3 13. Rb3 Qa5 14. O-O e6 15. Rfb1 Bd6 16. Nb5 Qxa2 17. Nxd6+ cxd6 18. Qc4 Qxb1+ 19. Rxb1 Kd7 20. Rb7+ Ke8 21. Qxc6+ Kf8 22. Qc7 Re8 23. Ng5 Nd5 24. Qxd6+ Kg8 25. c4 Nf6 26. Rb8 h6 27. Rxe8+ Nxe8 28. Qd8 hxg5 29. Qxe8+ Kh7 30.
Qe7 Bg6 31. Qxg5 Rc8 32. c5 Kg8 33. Qe7 a5 34. Bxa5 Ra8 35. Qc7 Be4 36. f3 Bd5 37.
Qb6 g6 38. c6 Rc8 39. c7 Kg7 40. Bb4 Ra8 41. Bd6 Ra1+ 42. Kh2 Kh6 43. Bf4+ Kh5 44. c8=Q g5 45. Qh8+ Kg6 46. Qbd8 Rh1+ 47. Kxh1 Kf5 48. Qdf6# 1-0

[Event "Late-Titled-Tuesday-Blitz-October-03-2023"]
[Site "Chess.com"]
[Date "2023.10.03"]
[Round "2"]
[White "nitpicker"]
[Black "Aariow"]
[Result "0-1"]
[WhiteElo "2234"]
[BlackElo "2479"]
[TimeControl "180+1"]
[EndTime "14:16:52 PDT"]
[Termination "Aariow won on time"]

1. d4 d5 2. c4 e6 3. Nf3 Nf6 4. g3 Be7 5. Bg2 O-O 6. O-O c6 7. Qc2 b6 8. Rd1 Bb7 9. Nbd2 c5 10. b3 Nc6 11. Bb2 Rc8 12. Rac1 Qc7 13. Qb1 Qb8 14. cxd5 exd5 15. Bh3 Rcd8 16. Nf1 Ne4 17. Ne3 cxd4 18. Nxd4 Nxd4 19. Bxd4 Ba3 20. Rc2 Rfe8 21. Nf5 Bf8 22. Qa1 f6 23. Qc1 Bc8 24. Kg2 Be6 25.
Ne3 Bxh3+ 26. Kxh3 Nxf2+ 27. Kg2 Nxd1 28. Qxd1 Bc5 29.
Nf5 Bxd4 30. Nxd4 Qe5 31. Qd3 Qe4+ 32. Qxe4 dxe4 33. e3 Rc8 34. Rf2 Rc3 35. Nf5 g6 36. Nd6 Re6 37. Nb5 Rxe3 38. Nxa7 Rc3 0-1

[Event "Late-Titled-Tuesday-Blitz-October-03-2023"]
[Site "Chess.com"]
[Date "2023.10.03"]
[Round "2"]
[White "microbear"]
[Black "Rozhkov_V"]
[Result "1/2-1/2"]
[WhiteElo "2191"]
[BlackElo "2438"]
[TimeControl "180+1"]
[EndTime "14:16:52 PDT"]
[Termination "Game drawn by repetition"]

1. e4 e6 2. d4 d5 3. exd5 exd5 4. Bd3 c5 5. dxc5 Bxc5 6. Nf3 Nf6 7. O-O O-O 8. h3 h6 9. Nbd2 Nc6 10. Nb3 Bb6 11.
c3 Ne4 12. Nbd4 Qf6 13. Be3 Re8 14. Qb3 Qg6 15. Kh1 Ng3+ 16. fxg3 Qxd3 17. Bg1 Nxd4 18.
Nxd4 Qxg3 19. Rf3 Qg6 20. Qxd5 Rd8 21. Qe5 f6 22. Qf4 Bd7 23. Re1 Re8 24. Rxe8+ Rxe8 25. Rg3 Qf7 26. Qxh6 Re1 27. Qd2 Ra1 28. a3 Bc6 29. Kh2 Bc7 30. Nxc6 Bxg3+ 31. Kxg3 Qc7+ 32. Kh4 Rxg1 33. Qd5+ Qf7 34. Ne7+ Kf8 35. Qd8+ Qe8 36. Ng6+ Kf7 37. Nh8+ Kf8 38. Ng6+ Kf7 39. Nh8+ Kf8 40. Ng6+ 1/2-1/2

[Event "Late-Titled-Tuesday-Blitz-October-03-2023"]
[Site "Chess.com"]
[Date "2023.10.03"]
[Round "2"]
[White "Firouzja2003"]
[Black "SaqoChess_Twitch"]
[Result "1-0"]
[WhiteElo "3130"]
[BlackElo "2629"]
[TimeControl "180+1"]
[EndTime "14:16:53 PDT"]
[Termination "Firouzja2003 won by resignation"]

1. d4 d5 2. Bg5 Nf6 3. e3 e6 4.
Nd2 Be7 5. Bd3 b6 6. Qe2 Bb7 7.
f4 Ne4 8. Bxe7 Qxe7 9. Bxe4 dxe4 10. Nh3 f5 11. Qh5+ g6 12. Qg5 Nd7 13. O-O-O Qxg5 14. fxg5 Ke7 15. Nf4 e5 16. dxe5 Nxe5 17. h3 Rad8 18. b3 Rd6 19. Nb1 Rhd8 20. Rxd6 Rxd6 21. Nc3 a6 22.
Nd1 Nf7 23. h4 h5 24. gxh6 Nxh6 25. Nf2 Kf6 26. Rh3 Nf7 27. Rg3 Ne5 28. Rg5 Bc8 29.
g4 Kg7 30. gxf5 Bxf5 31. Nxg6 Nxg6 32. Rxf5 Nxh4 33. Rf4 Ng6 34. Rxe4 Kf7 35. Nh3 Kf6 36. Rc4 c5 37. Nf2 Ke7 38. Nd3 Kd7 39. a4 Ne7 40. a5 Nd5 41. axb6 Nxe3 42. Nxc5+ Kc6 43.
Rc3 Nd5 44. b7 Kc7 45. Rd3 a5 46. c4 Rc6 47. Rxd5 Kb8 48. Na4 1-0

[Event "Late-Titled-Tuesday-Blitz-October-03-2023"]
[Site "Chess.com"]
[Date "2023.10.03"]
[Round "2"]
[White "LeninGuerra"]
[Black "OparinGrigoriy"]
[Result "0-1"]
[WhiteElo "2596"]
[BlackElo "2996"]
[TimeControl "180+1"]
[EndTime "14:16:54 PDT"]
[Termination "OparinGrigoriy won by resignation"]

1. e4 c5 2. Nf3 Nc6 3. c3 Nf6 4. e5 Nd5 5. Bc4 Nb6 6. Bb3 d5 7. d4 cxd4 8. cxd4 Bg4 9. Be3 e6 10. O-O Be7 11. h3 Bh5 12. Nbd2 O-O 13. Re1 Na5 14.
Nf1 Nxb3 15. axb3 a6 16. Ng3 Bg6 17. Qd2 h6 18. Rec1 Rc8 19. Ne2 Qd7 20. Nf4 Be4 21.
Nh5 Bg6 22. Nf4 Rxc1+ 23. Rxc1 Rc8 24. Rxc8+ Qxc8 25. Nxg6 fxg6 26. Qc3 Qd7 27. Ne1 g5 28. Nd3 Nc8 29. Bd2 Na7 30. Qa5 Nc6 31. Qb6 Bd8 32.
Qc5 b6 33. Qc3 Be7 34. Be3 Kf7 35. f4 gxf4 36. Nxf4 Bg5 37. Nh5 Bxe3+ 38. Qxe3 Kg8 39. Qf4 Qf7 40. Qg4 Kf8 41. Nf4 Ke7 42. Ng6+ Kd7 43. h4 Qf5 44. Qxf5 exf5 45. Nf4 Nxd4 46. Nxd5 b5 47.
Kf1 Ke6 48. Nc7+ Kxe5 49. Nxa6 Nxb3 50. Nc7 Nd4 51. Kf2 Ke4 52. Ne8 g5 53. Nd6+ Ke5 54.
Nf7+ Kf6 55. Nxh6 gxh4 56. Ng8+ Kf7 57. Nh6+ Kg7 58. Ng8 Kxg8 59. Ke3 Ne6 0-1

[Event "Late-Titled-Tuesday-Blitz-October-03-2023"]
[Site "Chess.com"]
[Date "2023.10.03"]
[Round "2"]
[White "APOKALIPSA13"]
[Black "Good_Knight_Kiss"]
[Result "1-0"]
[WhiteElo "2175"]
[BlackElo "2423"]
[TimeControl "180+1"]
[EndTime "14:16:55 PDT"]
[Termination "APOKALIPSA13 won on time"]

1. e4 c5 2. Nf3 d6 3. d4 cxd4 4. Nxd4 Nf6 5. Nc3 a6 6. Rg1 e5 7.
Nb3 Be6 8. g4 h6 9. h4 d5 10.
exd5 Nxd5 11. Nxd5 Bxd5 12. Bg2 Bxg2 13. Qxd8+ Kxd8 14. Rxg2 Be7 15. h5 Nd7 16. Be3 Rc8 17. O-O-O Bg5 18.
f4 exf4 19. Bb6+ Ke8 20. Re2+ Kf8 21. Rxd7 f3+ 22. Red2 Rc6 23. Bf2 Kg8 24. Nd4 Rc8 25. Nxf3 Bxd2+ 26. Kxd2 f6 27. Bd4 Kh7 28. Bxf6 Rhg8 29.
g5 Rcf8 30. g6+ Kh8 31. Ne5 Rxf6 32. Nf7+ Rxf7 33. Rxf7 b6 34. Rd7 a5 35. c4 Rc8 36.
b3 Kg8 37. Kd3 Kf8 38. Rd6 Rc5 39. Rd5 Rc6 40. Kd4 Ke7 41. a3 Rf6 42. c5 Rf4+ 43. Ke5 Rh4 44. cxb6 Rxh5+ 45. Kd4 Rh3 46. Kc4 Rh4+ 47.
Kc5 Rh3 48. b4 1-0

[Event "Late-Titled-Tuesday-Blitz-October-03-2023"]
[Site "Chess.com"]
[Date "2023.10.03"]
[Round "2"]
[White "Nf3c5"]
[Black "ChristopherYoo"]
[Result "0-1"]
[WhiteElo "2593"]
[BlackElo "2993"]
[TimeControl "180+1"]
[EndTime "14:16:56 PDT"]
[Termination "ChristopherYoo won on time"]

1. d4 f5 2. Bf4 Nf6 3. Nf3 g6 4. e3 Bg7 5. Bc4 e6 6. h4 O-O 7.
Nc3 d6 8. a3 Qe7 9. Ba2 h6 10.
Qe2 Qf7 11. O-O-O b6 12. d5 e5 13. Bxe5 dxe5 14. d6 Be6 15. Nxe5 Qe8 16. Bxe6+ Qxe6 17. Nxg6 Rc8 18. Ne7+ Kh7 19. Nxc8 Qxc8 20. Qc4 c5 21. g4 fxg4 22. d7 Nbxd7 23. h5 Ne5 24. Qe2 Qe6 25.
e4 Rf8 26. Qe3 Nc4 27. Qe2 Ne8 28. Rd5 Ne5 29. Rhd1 Qf6 30. Nb5 Nf3 31. c3 Qf4+ 32. Kb1 Ne5 33. Nd6 Nxd6 34. Rxd6 Qxf2 35. Qa6 g3 36. Qxa7 g2 37. Rg6 Nxg6 38. hxg6+ Kxg6 39. Qxb6+ Kh7 0-1

[Event "Late-Titled-Tuesday-Blitz-October-03-2023"]
[Site "Chess.com"]
[Date "2023.10.03"]
[Round "2"]
[White "Aleksandar-Topalov"]
[Black "dorpato"]
[Result "1-0"]
[WhiteElo "2403"]
[BlackElo "2037"]
[TimeControl "180+1"]
[EndTime "14:16:56 PDT"]
[Termination "Aleksandar-Topalov won by resignation"]

1. b3 e5 2. Bb2 d6 3. d4 exd4 4. Qxd4 Nc6 5. Qf4 Be6 6. Nc3 Nge7 7. Nf3 Ng6 8. Qg3 Be7 9. h4 h5 10. O-O-O Bg4 11. Nd5 Bxf3 12. exf3 Bxh4 13. Rxh4 Qxh4 14. Nxc7+ Kf8 15. Nxa8 Qxg3 16. fxg3 f6 17. Nc7 Ke7 18. Nd5+ Ke6 19. Bc4 Kd7 20. f4 Re8 21. Bd3 Nf8 22. Bf5+ Kd8 23. Ba3 g6 24. Nxf6 Re2 25. Be4 Nd7 26.
Bf3 Rf2 27. Rxd6 Nb8 28. Nxd7 Nxd7 29. Bxb7 Kc7 30. Bf3 Nb6 31. Rc6+ Kd7 32. Rxg6 Rf1+ 33. Kb2 Nc8 34. Bxh5 Nb6 35. Bg4+ Kc7 36. Rg7+ Kc6 37. Rg6+ Kd5 38. Bf3+ Kd4 39. Bb4 Ke3 40. Bc5+ Kd2 41.
Bxb6 axb6 42. Rxb6 Rc1 43. Rd6+ 1-0

[Event "Late-Titled-Tuesday-Blitz-October-03-2023"]
[Site "Chess.com"]
[Date "2023.10.03"]
[Round "2"]
[White "jk13"]
[Black "martinbitel"]
[Result "1-0"]
[WhiteElo "2662"]
[BlackElo "2243"]
[TimeControl "180+1"]
[EndTime "14:16:59 PDT"]
[Termination "jk13 won on time"]

1. e4 c6 2. Nc3 d5 3. Nf3 dxe4 4.
Nxe4 Nf6 5. Qe2 Nxe4 6. Qxe4 Be6 7. c4 Nd7 8. d4 Nf6 9. Qc2 Qd7 10. Be3 Bf5 11. Qb3 e6 12. Be2 Bd6 13. h3 h5 14.
O-O-O O-O-O 15. Ne5 Qc7 16. f4 Kb8 17. Bd3 Bxd3 18.
Qxd3 c5 19. Qc2 cxd4 20. Bxd4 Ka8 21. Kb1 Rc8 22. Rc1 Rhf8 23. Rhd1 Bc5 24. Bc3 Rfd8 25.
Rxd8 Rxd8 26. Rd1 Rxd1+ 27. Qxd1 a6 28. Qd3 Bd6 29. a3 g6 30. Nxf7 Bxf4 31. Bxf6 Qxf7 32.
Qd8+ Ka7 33. Bd4+ b6 34. Qxb6+ Ka8 35. Qxa6+ Kb8 36. Qb6+ Ka8 37. Qc6+ Kb8 38. Qb5+ Ka8 39. Qa5+ Kb8 40. Be5+ Bxe5 41. Qxe5+ Kb7 42. Ka2 Qf1 43. Qxe6 Qxg2 44. a4 Qf1 45. a5 Ka7 46. Qb6+ Ka8 47. Qc6+ Ka7 48. a6 1-0